 Dungeon Crawl Stone Soup version 0.29.1-15-g9cfb28693d (webtiles) character file.

Game seed: 11090665805518470383

23942 suse60 the Impaler (level 13, -1/115 HPs)
             Began as a Merfolk Gladiator on Apr 18, 2023.
             Was a Priest of the Shining One.
             Slain by a salamander
             ... wielding a +0 halberd
              (8 damage)
             ... in a volcano on Apr 19, 2023.
             The game lasted 01:39:05 (16323 turns).

suse60 the Impaler (Merfolk Gladiator)             Turns: 16323, Time: 01:39:07

Health: -1/115     AC: 22    Str: 25    XL:     13   Next: 9%
Magic:  16/16      EV: 16    Int:  7    God:    the Shining One [***...]
Gold:   1923       SH:  0    Dex: 19    Spells: 12/12 levels left

rFire   . . .      SeeInvis .   a - +1 glaive of the New World {vorpal, Str+5 Dex+4}
rCold   + . .      Faith    .   (shield currently unavailable)
rNeg    + + .      Spirit   .   q - +5 chain mail of Beogh, Teaching {rN+}
rPois   .          Reflect  .   t - +1 helmet "Egirijy" {rElec rC+}
rElec   +          Harm     .   (no cloak)
rCorr   +          Rampage  .   z - +0 pair of gloves
Will    .....                   y - +1 pair of boots {Fly}
Stlth   ..........              (no amulet)
HPRegen 0.29/turn               j - +4 ring of evasion
MPRegen 0.15/turn               D - ring of resist corrosion

@: flying, glowing, studying Short Blades
A: (nimble swimmer 2), mertail
a: Renounce Religion, Divine Shield, Cleansing Flame


You were in a volcano.
You worshipped the Shining One.
The Shining One was most pleased with you.
You visited 3 branches of the dungeon, and saw 13 of its levels.
You also visited: Bailey, Gauntlet and Volcano.

You collected 2160 gold pieces.
You spent 237 gold pieces at shops.

Inventory:

Hand Weapons
 a - the +1 glaive of the New World (weapon) {vorpal, Str+5 Dex+4}
   (You acquired it in a bailey)

   It inflicts extra damage upon your enemies.
   Str:       It affects your strength (+5).
   Dex:       It affects your dexterity (+4).
 o - a +3 hand axe of flaming
 s - the +2 war axe of Tumult {spect, rF+ rN+}
   (You found it on level 2 of the Lair of Beasts)

   When its wielder attacks, the weapon's spirit leaps out and strikes again.
   The spirit shares a part of any damage it takes with its wielder.
   rF:        It protects you from fire.
   rN:        It protects you from negative energy.
Missiles
 d - 3 throwing nets (quivered)
 e - 3 javelins
 F - 5 silver boomerangs
Armour
 q - the +5 chain mail of Beogh, Teaching (worn) {rN+}
   (You bought it in a shop on level 2 of the Dungeon)

   rN:        It protects you from negative energy.
 t - the +1 helmet "Egirijy" (worn) {rElec rC+}
   (You found it on level 2 of the Lair of Beasts)

   rC:        It protects you from cold.
   rElec:     It insulates you from electricity.
 y - a +1 pair of boots of flying (worn)
 z - a +0 pair of gloves (worn)
Jewellery
 j - a +4 ring of evasion (left hand)
 l - a ring of willpower
 D - a ring of resist corrosion (right hand)
Wands
 b - a wand of polymorph (5)
 k - a wand of roots (17)
 n - a wand of quicksilver (1)
 r - a wand of charming (3)
 u - a wand of flame (18)
 x - a wand of mindburst (7)
Scrolls
 h - 2 scrolls of silence
 i - 5 scrolls of poison
 p - 4 scrolls of identify
 v - 3 scrolls of teleportation
 A - 2 scrolls of fear
 B - a scroll of summoning
 C - 4 scrolls of butterflies
Potions
 c - a potion of cancellation
 f - a potion of curing
 g - 2 potions of brilliance
 m - a potion of heal wounds
 w - 2 potions of haste
Miscellaneous
 G - a phial of floods


   Skills:
 - Level 15.0 Fighting
 + Level 15.8 Polearms
 - Level 2.0 Throwing
 - Level 8.0 Armour
 - Level 6.3 Dodging
 - Level 5.0 Invocations


You had 12 spell levels left.
You didn't know any spells.
Your spell library contained the following spells:

 Spells                   Type           Power      Damage    Failure   Level
 Foxfire                  Conj/Fire      0%         2x1d4     95%         1
 Summon Small Mammal      Summ           0%         N/A       95%         1
 Passwall                 Tmut/Erth      0%         N/A       98%         2
 Static Discharge         Conj/Air       0%         3-3/arc   98%         2
 Call Canine Familiar     Summ           0%         N/A       100%        3
 Frozen Ramparts          Ice            0%         1d1       100%        3
 Summon Guardian Golem    Hex/Summ       0%         N/A       100%        3
 Anguish                  Hex/Necr       0%         N/A       100%        4
 Animate Armour           Summ/Erth      0%         N/A       100%        4
 Flame Wave               Conj/Fire      0%         2d4       100%        4
 Hailstorm                Conj/Ice       0%         3d3       100%        4
 Ice Form                 Ice/Tmut       0%         N/A       100%        4
 Leda's Liquefaction      Hex/Erth       0%         N/A       100%        4
 Summon Ice Beast         Ice/Summ       0%         N/A       100%        4
 Blade Hands              Tmut           0%         N/A       100%        5
 Iron Shot                Conj/Erth      0%         9d1       100%        6
 Lehudib's Crystal Spear  Conj/Erth      0%         10d2      100%        8
 Chain Lightning          Conj/Air       0%         N/A       100%        9
 Death's Door             Necr           0%         N/A       100%        9
 Fire Storm               Conj/Fire      0%         5d1       100%        9


Dungeon Overview and Level Annotations

Branches:
Dungeon (9/15)             Temple (1/1) D:6            Lair (3/5) D:9
  Swamp (0/4) Lair:2       Bailey (visited)         Volcano (1/1)
Gauntlet (visited)
  Snake: Lair:2-3    Spider: Lair:2-3       Orc: D:9-12

Altars:
Ashenzari
Cheibriados
Elyvilon
Hepliaklqana
Kikubaaqudgha
Makhleb
Nemelex Xobeh
Qazlal
Ru
Trog
Uskayaw
Vehumet
Wu Jian
Yredelemnul
Zin
The Shining One
Jiyva

Shops:
D:2 [   D:4 *


Innate Abilities, Weirdness & Mutations

((You are very nimble when in or above water. (Stealth+, EV+, Speed+++)))
Your lower body shifts to a powerful aquatic tail in water.


Message History

The salamander mystic gestures at the salamander while chanting.
The salamander seems to speed up.
You hit the salamander.
The salamander is lightly wounded.
The salamander hits you with a +0 halberd!
You are engulfed in flames!
You hit the salamander.
The salamander is lightly wounded.
The salamander barely misses you.
You slice the salamander mystic!!
The salamander mystic is moderately wounded.
The salamander barely misses you.
You slash the salamander mystic!
The salamander mystic is severely wounded.
The salamander hits you but does no damage.
The salamander mystic gestures at you while chanting.
The bolt of magma hits you!! The salamander barely misses you.
You slash the salamander mystic!
You kill the salamander mystic!
The salamander closely misses you. The salamander closely misses you.
The salamander misses you.
Things that are here:
a +0 dagger of draining; a +0 robe; a salamander corpse You hit the salamander.
The salamander is lightly wounded.
The salamander hits you with a +0 halberd.
You are engulfed in flames!
You hit the salamander but do no damage.
The salamander is lightly wounded.
The salamander hits you with a +0 halberd!
* * * LOW HITPOINT WARNING * * *
You are engulfed in flames!
* * * LOW HITPOINT WARNING * * *
You hit the salamander.
The salamander is lightly wounded.
The salamander closely misses you.
The salamander hits you with a +0 halberd!
* * * LOW HITPOINT WARNING * * *
You are engulfed in flames!
You die...

#....≈≈§≈≈≈≈≈≈≈.....
##..§≈§§≈§≈§§≈≈≈§....
#...§§≈§§≈≈≈§§≈≈....#
##..§§§≈§§≈≈§≈≈≈≈≈..§.
##.....≈≈≈≈≈≈≈§§§....##
.........≈≈≈≈≈§§§......
#####.....§.........#
##############..)#.##
≈§§≈ ###@# ≈§§# #N#
≈§§# ##$ ≈≈## !) ###
.?§ # ≈≈≈≈ ≈≈≈## #≈≈#


You could see a salamander (fast).

Vanquished Creatures
  A minotaur (Gauntlet)
  A hydra (Lair:3)
  A boulder beetle (Lair:2)
  A catoblepas (Lair:1)
  Harold (D:9)
  Erica (Lair:2)
  Sonja (Lair:2)
  A salamander mystic (Volcano)
  A bog body (Lair:2)
  3 lindwurms (Lair:2)
  2 salamanders (Volcano)
  8 cane toads
  A rime drake (Lair:3)
  An efreet (Gauntlet)
  5 komodo dragons
  3 hornets
  Sigmund (D:2)
  3 shadows (Gauntlet)
  A wyvern (D:9)
  2 fire elementals (Gauntlet)
  A basilisk (Lair:3)
  16 yaks
  4 steam dragons
  Grum (D:8)
  2 redbacks
  2 swamp worms (Lair:2)
  An acid dragon (D:9)
  2 hell hounds (Gauntlet)
  Duvessa (D:7)
  2 water moccasins
  4 sky beasts
  10 orc warriors
  4 ice beasts
  3 black bears
  An ogre (D:5)
  5 wolves
  4 centaurs
  10 bullfrogs
  A gnoll sergeant (D:7)
  4 scorpions
  11 wights
  Dowan (D:7)
  15 killer bees
  2 electric eels
  2 howler monkeys (D:9)
  A jelly (D:8)
  3 orc priests
  2 hounds
  An iguana (D:6)
  9 orc wizards
  13 gnolls
  14 adders
  3 shadow imps
  3 dart slugs
  36 orcs
  3 bats (D:1)
  7 endoplasms
  4 giant cockroaches
  11 goblins
  13 hobgoblins
  8 jackals
  8 kobolds
  6 quokkas
  7 ball pythons
  3 frilled lizards (D:1)
  6 rats
309 creatures vanquished.

Vanquished Creatures (collateral kills)
  A hell beast (Gauntlet)
  An orc warrior (Bailey)
  2 killer bees
  12 orcs
  4 goblins (Bailey)
  A hobgoblin (Bailey)
21 creatures vanquished.

Vanquished Creatures (others)
  A hell hound (Gauntlet)
  3 orc warriors
  2 killer bees
  An orc priest (D:7)
  23 fungi
  4 plants
34 creatures vanquished.

Grand Total: 364 creatures vanquished

Notes
Turn   | Place    | Note
-------+----------+-------------------------------------------
     0 | D:1      | suse60 the Merfolk Gladiator began the quest for the Orb.
     0 | D:1      | Reached XP level 1. HP: 16/16 MP: 1/1
    33 | D:1      | Found a faded altar of an unknown god.
   157 | D:1      | Reached XP level 2. HP: 23/23 MP: 2/2
   613 | D:1      | Reached XP level 3. HP: 29/29 MP: 3/3
  1169 | D:2      | Reached XP level 4. HP: 25/37 MP: 4/4
  1268 | D:2      | Found Qaep Wau's Antique Armour Shop.
  1898 | D:2      | Noticed Sigmund
  1926 | D:2      | Killed Sigmund
  1927 | D:2      | Reached skill level 5 in Fighting
  1927 | D:2      | Reached skill level 5 in Polearms
  1927 | D:2      | Reached XP level 5. HP: 42/46 MP: 5/5
  1927 | D:2      | Reached XP level 6. HP: 47/52 MP: 6/6
  2198 | D:3      | Found a stormy altar of Qazlal.
  2625 | D:3      | You fall into a shaft and drop 2 floors!
  2625 | D:5      | Entered Level 5 of the Dungeon
  2635 | D:5      | Identified the +0 robe of Mumblety Peg {-Cast rPois Str+3
                  | Stlth+}
  2820 | D:5      | Noticed a water moccasin
  2877 | D:4      | Found Abir's Gadget Gallery.
  2987 | D:4      | Found a burning altar of Makhleb.
  2988 | D:4      | Found a glowing silver altar of Zin.
  2988 | D:4      | Noticed an angel
  2989 | D:4      | Noticed a cacodemon
  3829 | D:4      | Found a hazy altar of Hepliaklqana.
  4093 | D:5      | Killed a water moccasin
  4094 | D:5      | Reached XP level 7. HP: 29/59 MP: 7/7
  4389 | D:5      | Found a hide-covered altar of Uskayaw.
  5146 | D:6      | Reached XP level 8. HP: 41/68 MP: 8/8
  5597 | D:6      | Found a staircase to the Ecumenical Temple.
  5603 | Temple   | Entered the Ecumenical Temple
  5607 | Temple   | Became a worshipper of the Shining One
  5791 | D:6      | Got the Compendium of the Salvo
  6086 | D:6      | Identified a scroll of acquirement
  6086 | D:6      | Acquired 813 gold pieces
  6227 | D:2      | Bought a crude chain mail for 237 gold pieces
  6227 | D:2      | Identified the +5 chain mail of Beogh, Teaching {rN+} (You
                  | bought it in a shop on level 2 of the Dungeon)
  6397 | D:6      | Got the Essays on Coarse Outbursts
  6951 | D:7      | Found an ancient bone altar of Kikubaaqudgha.
  6990 | D:7      | Noticed Dowan
  6991 | D:7      | Noticed Duvessa
  7020 | D:7      | Reached skill level 10 in Fighting
  7026 | D:7      | Killed Duvessa
  7027 | D:7      | Reached XP level 9. HP: 50/78 MP: 9/9
  7031 | D:7      | Killed Dowan
  7910 | D:7      | Reached skill level 10 in Polearms
  8085 | D:7      | Reached skill level 1 in Armour
  8559 | D:8      | Noticed Grum
  8577 | D:8      | Killed Grum
  8611 | D:8      | Reached * piety under the Shining One
  8942 | D:8      | Reached XP level 10. HP: 70/86 MP: 10/10
  8977 | D:8      | Reached skill level 5 in Armour
  9010 | D:8      | Found an ornate altar of the Wu Jian Council.
  9028 | D:8      | Found a radiant altar of Vehumet.
  9088 | D:8      | Found a flagged portal.
  9097 | Bailey   | Entered a bailey
  9212 | Bailey   | Reached skill level 1 in Invocations
  9246 | Bailey   | Acquired the +1 glaive of the New World {vorpal, Str+5
                  | Dex+4}
  9396 | Bailey   | Noticed an orc warlord
  9539 | D:8      | Found a sacrificial altar of Ru.
  9929 | D:8      | Found a basalt altar of Yredelemnul.
 10033 | D:8      | Found a broken altar of Ashenzari.
 10049 | D:8      | Found a snail-covered altar of Cheibriados.
 10090 | D:9      | Reached skill level 5 in Invocations
 10104 | D:9      | Reached skill level 5 in Dodging
 10274 | D:9      | Noticed Harold
 10294 | D:9      | Killed Harold
 10518 | D:9      | Found a sparkling altar of Nemelex Xobeh.
 10538 | D:9      | Reached ** piety under the Shining One
 10553 | D:9      | Reached XP level 11. HP: 92/92 MP: 14/14
 11545 | D:9      | Found a staircase to the Lair.
 11724 | Lair:1   | Entered Level 1 of the Lair of Beasts
 11724 | Lair:1   | Found a gate leading to a gauntlet.
 11729 | Gauntlet | Entered a Gauntlet
 11729 | Gauntlet | Found a transporter.
 11736 | Gauntlet | Found a transporter.
 11736 | Gauntlet | Found a transporter.
 11748 | Gauntlet | Found a transporter.
 11749 | Gauntlet | Found a transporter.
 11757 | Gauntlet | Found a transporter.
 11757 | Gauntlet | Noticed a hell beast
 11760 | Gauntlet | Found a transporter.
 11766 | Gauntlet | Found a runed translucent gate.
 11768 | Gauntlet | Found a transporter.
 11768 | Gauntlet | Found the +8 frozen axe "Frostbite" {freezing cloud, *Noise
                  | Fly rC+}
 11769 | Gauntlet | Found a runed translucent gate.
 11770 | Gauntlet | Found a runed translucent gate.
 11772 | Gauntlet | Found a transporter.
 11776 | Gauntlet | Noticed a sun demon
 11780 | Gauntlet | Found a transporter.
 11802 | Gauntlet | Found a transporter.
 11814 | Gauntlet | Found a transporter.
 11826 | Gauntlet | Found a transporter.
 11838 | Gauntlet | Found a transporter.
 11842 | Gauntlet | Found a runed translucent door.
 11992 | Gauntlet | Killed a hell beast
 12329 | Gauntlet | Noticed a minotaur
 12340 | Gauntlet | Killed a minotaur
 12347 | Gauntlet | Got the Commentary on Dusty Diablerie
 12615 | Lair:1   | Identified the +2 robe "Laowk" {Contam rElec rPois rCorr}
 12709 | Lair:1   | Noticed a catoblepas
 12725 | Lair:1   | Killed a catoblepas
 13618 | Lair:2   | Reached XP level 12. HP: 86/107 MP: 15/15
 13696 | Lair:2   | Noticed a boulder beetle
 13851 | Lair:2   | Killed a boulder beetle
 13937 | Lair:2   | Noticed Sonja
 13943 | Lair:2   | Killed Sonja
 14064 | Lair:2   | Noticed Erica
 14076 | Lair:2   | Killed Erica
 14088 | Lair:2   | Reached skill level 15 in Fighting
 14116 | Lair:2   | Found a staircase to the Swamp.
 14564 | Lair:2   | Identified the +2 war axe of Tumult {spect, rF+ rN+}
 15062 | Lair:2   | Identified the +1 helmet "Egirijy" {rElec rC+}
 15440 | Lair:3   | Noticed a seven-headed hydra
 15454 | Lair:3   | Killed a one-headed hydra
 15759 | Lair:3   | Reached skill level 15 in Polearms
 15759 | Lair:3   | Reached XP level 13. HP: 42/115 MP: 16/16
 15797 | Lair:3   | Found a dark tunnel.
 15802 | Volcano  | Entered a volcano
 16057 | Volcano  | Reached *** piety under the Shining One
 16323 | Volcano  | Slain by a salamander

Illustrated notes

Levels and vault maps discovered:
D:1:      dpeg_arrival_pond, layout_loops_ring, shapermc_ecumenical_altar_ellora
D:2:      layout_basic, serial_shops, nicolae_shop_crystal, minmay_bisected,
          uniq_sigmund
D:3:      wad_pebble_path, layout_loops_corners,
          nicolae_qazlal_scattered_showers
D:4:      layout_basic, grunt_temple_overflow_order_and_chaos_2,
          nicolae_hepliaklqana_hazy_memory, dreamdust_mushroom_princess,
          nicolae_shop_gadgets
D:5:      nicolae_cairo_tiling_large, layout_loops_cross,
          nicolae_uskayaw_murder_on_the_dancefloor
D:6:      layout_layer_cave, minmay_temple_entry_gardened_gates,
          grunt_ministairs_4
D:7:      layout_basic, kiku_gazebo_pond_becter, chequers_serial_rivers_room_a,
          uniq_duvessa
D:8:      layout_basic, mainiacjoe_overflow_tiny_flanked, amcnicky_altar_gilded,
          nicolae_overflow_quartered_altars, enter_bailey_6,
          nicolae_water_bricks, st_stairs_14, uniq_grum
D:9:      layout_roguey [special_room_orc], nicolae_overflow_crystal_walls,
          grunt_lair_entry_orc_guard_hut, hangedman_misty_isle, uniq_harold
Temple:   pf_slimified_temple
Lair:1:   layout_cave_pods, gauntlet_entry_generic, infiniplex_staircase_pool,
          grunt_megastairs_4
Lair:2:   layout_cave_pods, nicolae_swamp_entry_splash_gauntlet,
          minmay_lindwurm_lava, uniq_sonja, uniq_erica
Lair:3:   layout_hall_layers, spider_nest_entry_webs, enter_volcano_4,
          st_stairs_11
Volcano:  volcano_pools

Skill      XL: |  1  2  3  4  5  6  7  8  9 10 11 12 |
---------------+-------------------------------------+-----
Fighting       | 3 4 5 6 8 10 14 15 | 15.0
Polearms       | 5 6 7 9 10 15 | 15.8
Armour         | 4 7 8 |  8.0
Invocations    | 5 |  5.0
Dodging        | 6 |  6.3
Throwing       | |  2.0

Action                   |  1- 3 |  4- 6 |  7- 9 | 10-12 | 13-15 || total
-------------------------+-------+-------+-------+-------+-------++-------
Melee: Trident           |   111 |    34 |       |       |       ||   145
       Halberd           |       |   114 |   275 |    41 |       ||   430
       Glaive            |       |       |       |   380 |    19 ||   399
       Hand axe          |       |       |       |     8 |       ||     8
       Punch             |       |       |       |     1 |       ||     1
       War axe           |       |       |       |       |    16 ||    16
Throw: Throwing net      |       |       |     2 |     5 |       ||     7
Invok: Divine Shield     |       |       |       |     2 |       ||     2
Evoke: Wand              |       |       |     6 |    61 |       ||    67
  Use: Scroll            |       |    12 |     9 |     9 |       ||    30
       Potion            |       |     2 |     4 |     5 |       ||    11
 Stab: Sleeping          |     2 |     3 |       |       |       ||     5
       Distracted        |       |     1 |       |       |       ||     1
Armor: Leather armour    |     7 |       |       |       |       ||     7
       Ring mail         |    14 |    19 |    36 |       |       ||    69
       Robe              |       |     9 |       |       |       ||     9
       Chain mail        |       |       |    78 |   182 |    11 ||   271
Dodge: Dodged            |    49 |   112 |   180 |   294 |    17 ||   652
Block: Other             |       |       |       |     3 |       ||     3
